 Dungeon Crawl Stone Soup version 0.31-a0-246-g8cbcc1cb85 (webtiles) character file.

Game seed: 16581762534430494271

1555 qw the Skirmisher (level 8, -4/70 HPs)
             Began as a Minotaur Hexslinger on July 12, 2023.
             Engulfed by a steam dragon's steam (10 damage)
             ... on level 7 of the Dungeon.
             The game lasted 00:02:04 (5561 turns).

qw the Skirmisher (Minotaur Hexslinger)             Turns: 5561, Time: 00:02:05

Health: -4/70      AC:  3    Str: 12    XL:     8   Next: 58%
Magic:  8/8        EV: 19    Int: 10    God:
Gold:   359        SH:  0    Dex: 22    Spells: 8/9 levels left

rFire   . . .        Y - +0 orcbow
rCold   . . .        (shield currently unavailable)
rNeg    . . .        a - +0 leather armour
rPois   .            (helmet restricted)
rElec   .            (no cloak)
rCorr   .            (no gloves)
SInv    .            (no boots)
Will    .....        (no amulet)
Stlth   ++           e - +6 ring of dexterity
HPRegen 0.31/turn    k - +5 ring of evasion
MPRegen 0.11/turn

%: no passive effects
@: no status effects
A: horns 2, retaliatory headbutt
a: no special abilities


You were on level 7 of the Dungeon.
You visited 2 branches of the dungeon, and saw 8 of its levels.

You collected 359 gold pieces.


Innate Abilities, Weirdness & Mutations

You have a pair of horns on your head.
You reflexively headbutt those who attack you in melee.


   Skills:
 - Level 6.0 Fighting
 + Level 9.7 Ranged Weapons
 - Level 2.5 Armour
 - Level 4.1 Dodging
 - Level 1.0 Spellcasting
 - Level 2.0 Hexes


You had 8 spell levels left.
You knew the following spells:

 Your Spells              Type           Power      Damage    Failure   Level
a - Slow                  Hex            16%        N/A       19%         1

Your spell library contained the following spells:

 Spells                   Type           Power      Damage    Failure   Level
 Inner Flame              Hex/Fire       2%         N/A       65%         3
 Portal Projectile        Hex/Tloc       4%         N/A       65%         3
 Cause Fear               Hex            2%         N/A       88%         4

Inventory:

Hand Weapons
 Y - a +0 orcbow (weapon)
Armour
 a - a +0 leather armour (worn)
Jewellery
 e - a +6 ring of dexterity (left hand)
 k - a +5 ring of evasion (right hand)
Scrolls
 b - a scroll of identify
 f - a scroll of acquirement {unknown}
 l - a scroll of enchant armour
Potions
 c - a potion of ambrosia {unknown}
 d - a potion of haste
 g - a potion of brilliance {unknown}
 h - 2 potions of curing
 i - a potion of enlightenment

Dungeon Overview and Level Annotations

Branches:
Dungeon (7/15)             Temple (1/1) D:5

Altars:
Ashenzari
Dithmenos
Elyvilon
Fedhas
Hepliaklqana
Kikubaaqudgha
Nemelex Xobeh
Qazlal
Ru
Sif Muna
Uskayaw
Vehumet
Xom
Yredelemnul
The Shining One

Annotations:
D:3 1 runed translucent door


Message History

You shoot an arrow. The arrow hits the gnoll.
The gnoll is heavily wounded.
The gnoll completely misses you.
You shoot an arrow. The arrow closely misses the gnoll.
The gnoll barely misses you. The gnoll misses you.
You shoot an arrow. The arrow hits the gnoll!
You kill the gnoll!
You start resting.
A steam dragon comes into view.
You shoot an arrow. The steam dragon hisses angrily.
The arrow hits the steam dragon!
The steam dragon is moderately wounded.
You shoot an arrow.
The arrow hits the steam dragon but does no damage.
The steam dragon is moderately wounded.
You shoot an arrow.
The arrow closely misses the steam dragon.
The steam dragon breathes steam at you. The ball of steam hits you!
5555 ||| Stepping ~*~*~tactically~*~*~ (cloud).
You start resting.
You're standing in a cloud of steam!
You shoot an arrow. The arrow hits the steam dragon.
The steam dragon is heavily wounded.
You are engulfed in a cloud of scalding steam.
You shoot an arrow. The arrow hits the steam dragon!
The steam dragon is severely wounded.
You shoot an arrow.
The arrow barely misses the steam dragon.
The steam dragon barely misses you. You furiously retaliate!
You headbutt the steam dragon. The steam dragon barely misses you.
You shoot an arrow.
The arrow barely misses the steam dragon.
The steam dragon breathes steam at you. The ball of steam hits you!!
You shoot an arrow.
The arrow closely misses the steam dragon.
You are engulfed in a cloud of scalding steam.
You die...

### #.. #.# #.# #.# ##### #.#
#..(# ###.######### ###
#...###...)%.#..)<#.## #..
+.........¤¤@D¤..........
...##....#######.#...........
.......#.......#.##.........#
.......#######.#.##.#.......#
.$.......# #....#........
.......#..# ##############
.....).##.# .....g?.._..
........#.#..


You could see a steam dragon (catching breath).

Vanquished Creatures
  A water moccasin (D:7)
  An ice beast (D:5)
  A black bear (D:6)
  2 phantoms (D:6)
  4 scorpions
  3 wights (D:5)
  A human zombie (D:3)
  An orc priest (D:6)
  5 hounds
  3 jellies
  4 iguanas
  A human skeleton (D:3)
  2 orc wizards (D:6)
  A statue (D:6)
  4 gnolls (D:7)
  7 adders
  A shadow imp (D:6)
  3 white imps
  A worm (D:2)
  4 dart slugs
  7 orcs
  8 bats
  8 endoplasms
  8 giant cockroaches
  5 goblins
  8 hobgoblins
  7 jackals
  4 quokkas
  5 ball pythons
  6 frilled lizards
  5 kobolds
  5 rats
126 creatures vanquished.

Notes
Turn   | Place    | Note
-------+----------+-------------------------------------------
     0 | D:1      | qw the Minotaur Hexslinger began the quest for the Orb.
     0 | D:1      | Reached XP level 1. HP: 16/16 MP: 1/1
     0 | D:1      | 0 ||| qw: Version: 0.3-a-52-g30416fa
     0 | D:1      | 0 ||| qw: Game counter: 6209
     0 | D:1      | 0 ||| qw: Melee chars always use a shield: true
     0 | D:1      | 0 ||| qw: God list: Okawaru
     0 | D:1      | 0 ||| qw: Allow faded altars: false
     0 | D:1      | 0 ||| qw: Do Orc after clearing Dungeon:15 true
     0 | D:1      | 0 ||| qw: Do second Lair branch before Depths: true
     0 | D:1      | 0 ||| qw: Lair rune preference: random
     0 | D:1      | 0 ||| qw: Goals: Normal
     0 | D:1      | 0 ||| PLANNING D:1-11
   146 | D:1      | Reached skill level 3 in Ranged Weapons
   146 | D:1      | Reached XP level 2. HP: 23/23 MP: 2/2
   621 | D:1      | Reached XP level 3. HP: 29/29 MP: 3/3
   623 | D:1      | 623 ||| FLEEEEING.
   624 | D:1      | 624 ||| FLEEEEING.
   825 | D:1      | 825 ||| READING scroll labelled TOTUAV WESUDGH.
   826 | D:1      | 826 ||| READING scroll labelled ESHI OBADEOLELL.
   827 | D:1      | 827 ||| DROPPING scroll of poison.
   856 | D:2      | 856 ||| STAIRDANCE
   860 | D:1      | Reached skill level 4 in Ranged Weapons
  1426 | D:2      | 1426 ||| READING scroll labelled KILEDIKKOARCH.
  1427 | D:2      | 1427 ||| READING scroll labelled GAEWEBBUZXA.
  1480 | D:3      | Reached XP level 4. HP: 31/36 MP: 4/4
  1675 | D:3      | Reached skill level 5 in Ranged Weapons
  1746 | D:3      | Found a runed translucent door.
  1746 | D:3      | Noticed a human
  1752 | D:3      | Found a basalt altar of Yredelemnul.
  1757 | D:3      | Found a broken altar of Ashenzari.
  1771 | D:3      | Reached XP level 5. HP: 44/44 MP: 5/5
  1843 | D:3      | Reached skill level 3 in Fighting
  1964 | D:3      | 1964 ||| FLEEEEING.
  2489 | D:3      | 2489 ||| UPGRADING to +0 leather armour.
  2499 | D:3      | 2499 ||| DROPPING +0 robe.
  2500 | D:3      | 2500 ||| UPGRADING to +6 ring of dexterity.
  2501 | D:3      | 2501 ||| DRINKING 2 murky clear potions.
  2502 | D:3      | 2502 ||| DRINKING 2 fizzy silvery potions.
  2574 | D:3      | 2574 ||| DRINKING 3 brown potions.
  2575 | D:3      | 2575 ||| DROPPING potion of lignification.
  2630 | D:4      | Reached skill level 6 in Ranged Weapons
  2726 | D:4      | Reached XP level 6. HP: 29/52 MP: 6/6
  2876 | D:4      | Found a shadowy altar of Dithmenos.
  2905 | D:4      | Reached skill level 3 in Dodging
  3310 | D:4      | 3310 ||| UPGRADING to ring of resist corrosion.
  3311 | D:4      | 3311 ||| UPGRADING to +5 ring of evasion.
  3313 | D:4      | 3313 ||| DROPPING ring of resist corrosion.
  3314 | D:4      | 3314 ||| READING scroll labelled WEGHOE CERCHO.
  3315 | D:4      | 3315 ||| READING scroll labelled OTUSETZARUP.
  3318 | D:5      | Entered Level 5 of the Dungeon
  3412 | D:5      | Reached skill level 7 in Ranged Weapons
  3529 | D:5      | Reached XP level 7. HP: 59/59 MP: 7/7
  3747 | D:5      | Reached skill level 8 in Ranged Weapons
  3991 | D:5      | 3991 ||| FLEEEEING.
  4001 | D:5      | 4001 ||| STAIRDANCE
  4054 | D:4      | 4054 ||| READING scroll labelled MOPRINW HEPA.
  4297 | D:5      | Found a staircase to the Ecumenical Temple.
  4298 | D:5      | 4298 ||| PLANNING TEMPLE
  4306 | Temple   | Entered the Ecumenical Temple
  4320 | Temple   | 4320 ||| PLANNING D:1-11
  4441 | D:5      | 4441 ||| READING scroll of enchant weapon.
  4441 | D:5      | 4441 ||| ENCHANTING +2 sling.
  4591 | D:6      | Reached XP level 8. HP: 68/68 MP: 8/8
  4643 | D:6      | Reached skill level 9 in Ranged Weapons
  4766 | D:6      | 4766 ||| SWAPPING to +0 orcbow.
  4797 | D:6      | 4797 ||| DROPPING +3 sling.
  5009 | D:6      | Found a radiant altar of Vehumet.
  5013 | D:6      | Reached skill level 6 in Fighting
  5178 | D:6      | 5178 ||| READING scroll labelled TEOTUXTETE.
  5286 | D:6      | 5286 ||| READING scroll labelled QAUHISCHUED.
  5387 | D:6      | 5387 ||| DRINKING 2 fizzy grey potions.
  5417 | D:7      | 5417 ||| STAIRDANCE
  5474 | D:7      | 5474 ||| STAIRDANCE
  5517 | D:7      | Found a shimmering altar of Xom.
  5520 | D:7      | 5520 ||| FLEEEEING.
  5521 | D:7      | 5521 ||| FLEEEEING.
  5522 | D:7      | 5522 ||| FLEEEEING.
  5523 | D:7      | 5523 ||| FLEEEEING.
  5528 | D:7      | 5528 ||| FLEEEEING.
  5529 | D:7      | 5529 ||| FLEEEEING.
  5530 | D:7      | 5530 ||| FLEEEEING.
  5531 | D:7      | 5531 ||| FLEEEEING.
  5555 | D:7      | 5555 ||| Stepping ~*~*~tactically~*~*~ (cloud).
  5560 | D:7      | HP: 6/70 [steam dragon/ball of steam (22)]
  5561 | D:7      | Engulfed by a steam dragon's steam

Levels and vault maps discovered:
D:1:      reono_arrival_forest_river, layout_basic, minmay_surrounded
D:2:      layout_basic, minmay_unequal
D:3:      layout_loops_corners, dk_yredelemnul_ordeal,
          mainiacjoe_overflow_paths, chequers_serial_rivers_micro_e
D:4:      minmay_chambers_of_twos, layout_rooms, nicolae_dithmenos_shadow_blocks
D:5:      layout_loops_cross, temple_hall
D:6:      layout_loops_ring, vehumet_statue
D:7:      layout_basic, pdpol_temple_overflow_zin_treasury_gozag_greed,
          minitemple, lemuel_crystal_altar, gammafunk_ghost_icy
Temple:   hellmonk_temple_rainy

Skill      XL: |  1  2  3  4  5  6  7  8 |
---------------+-------------------------+-----
Ranged Weapons | 3 4 5 6 7 8 9 |  9.7
Fighting       | 2 3 4 5 6 |  6.0
Dodging        | 3 4 |  4.1
Armour         | 2 |  2.5
Spellcasting   | |  1.0
Hexes          | |  2.0

Action                     |  1- 3 |  4- 6 |  7- 9 || total
---------------------------+-------+-------+-------++-------
   Fire: Sling             |   120 |   175 |   117 ||   412
         Orcbow            |       |       |    62 ||    62
    Use: Scroll            |     4 |     2 |     4 ||    10
         Potion            |       |     3 |     1 ||     4
 Armour: Robe              |     3 |     2 |       ||     5
         Leather armour    |       |     4 |     9 ||    13
  Dodge: Dodged            |    30 |    41 |    97 ||   168

Table legend:
 A = Non-vault XP
 B = Vault XP
 C = Vault XP percentage of total XP
 D = Non-vault monster count
 E = Vault monster count
 F = Vault count percentage of total count
                 A         B        C        D         E       F
            +---------+---------+-------+---------+---------+-------
      Total |    2033 |     189 |   8.5 |     108 |      18 |  14.3
            +---------+---------+-------+---------+---------+-------
        D:1 |      58 |       5 |   7.9 |      31 |       4 |  11.4
        D:2 |      19 |       4 |  17.4 |      11 |       3 |  21.4
        D:3 |     169 |      80 |  32.1 |      15 |       2 |  11.8
        D:4 |     157 |      68 |  30.2 |      12 |       8 |  40.0
        D:5 |     727 |       0 |   0.0 |      17 |       0 |   0.0
        D:6 |     652 |      32 |   4.7 |      14 |       1 |   6.7
        D:7 |     251 |       0 |   0.0 |       8 |       0 |   0.0
            +---------+---------+-------+---------+---------+-------
